[Event "Titled Tuesday Blitz June 27 Early 2023"]
[White "Fromm, Marius"]
[Black "Sanal, Vahap"]
[WhiteFideId "12993190"]
[BlackFideId "6300545"]
[WhiteElo "2706"]
[BlackElo "2951"]
[Result "0-1"]
[Round "5"]
[TimeControl "180+2"]
[Date "2023.06.27"]
[WhiteClock "0:00:23"]
[BlackClock "0:01:27"]
[Board "23"]

1. e4 c5 2. Nf3 e6 3. d4 cxd4 4. Nxd4 a6 5. Bd3 Nf6 6. O-O d6 7. c4 Be7 8. Nc3 b6 9. f4 Qc7 10. Kh1 Nbd7 11. Qe2 O-O 12. Be3 Re8 13. Rac1 Bb7 14. Bb1 Rac8 15. b3 Qb8 16. Qf3 Qa8 17. Qh3 Nxe4 18. Nxe6 fxe6 19. Nxe4 Nf8 20. Ng5 Bxg5 21. fxg5 Ng6 22. Rf2 b5 23. Rcf1 bxc4 24. Rf7 Be4 25. Ra7 Qd5 26. Bxe4 Qxe4 27. Rff7 Re7 28. Raxe7 Nxe7 29. Rxe7 cxb3 30. axb3 Rc1+ 0-1


[Site "https://www.chess.com"]

[Event "Titled Tuesday Blitz June 27 Early 2023"]
[White "Daneshvar, Bardiya"]
[Black "Fernandez Guillen, Ernesto J."]
[WhiteFideId "12576468"]
[BlackFideId "3512428"]
[WhiteElo "2947"]
[BlackElo "2705"]
[Result "1-0"]
[Round "5"]
[TimeControl "180+2"]
[Date "2023.06.27"]
[WhiteClock "0:01:48"]
[BlackClock "0:00:43"]
[Board "24"]

1. Nf3 Nf6 2. g3 b6 3. Bg2 Bb7 4. O-O e6 5. d3 c5 6. Nbd2 Nc6 7. e4 d6 8. Re1 Be7 9. Nf1 Kf8 10. Ne3 Qc7 11. g4 h5 12. g5 Ng4 13. h3 Nge5 14. h4 g6 15. b3 Kg8 16. Bb2 Bf8 17. Nxe5 dxe5 18. a4 Bg7 19. Nc4 Kh7 20. Rf1 Rhd8 21. Qd2 Kg8 22. f4 exf4 23. Bxg7 Kxg7 24. Rxf4 Rd7 25. Raf1 e5 26. Rf6 Re7 27. Ne3 Nd4 28. Qd1 Rh8 29. Nd5 Bxd5 30. exd5 Rd8 31. Be4 Qc8 32. c3 Nxb3 33. Qxb3 Qg4+ 34. Bg2 Red7 35. d6 Rf8 36. Qd5 Qxh4 37. Qxe5 Kg8 38. R1f4 Qg3 39. Rxg6+ 1-0


[Site "https://www.chess.com"]

[Event "Titled Tuesday Blitz June 27 Early 2023"]
[White "Suleymanli, Aydin"]
[Black "Petrosian, Karlen"]
[WhiteFideId "13413937"]
[BlackFideId "4176146"]
[WhiteElo "2936"]
[BlackElo "2704"]
[Result "1-0"]
[Round "5"]
[TimeControl "180+2"]
[Date "2023.06.27"]
[WhiteClock "0:00:54"]
[BlackClock "0:00:04"]
[Board "25"]

1. e4 e6 2. d4 d5 3. Nd2 h6 4. Ngf3 Nf6 5. e5 Nfd7 6. c3 c5 7. a3 Nc6 8. b4 cxd4 9. cxd4 Qb6 10. Bb2 f6 11. Bd3 f5 12. Nh4 g5 13. Qh5+ Kd8 14. Ng6 Rh7 15. Nxf8 Nxf8 16. Nb3 Bd7 17. O-O Be8 18. Qd1 Rc8 19. Rc1 Ng6 20. Nc5 Bf7 21. Na4 Qc7 22. b5 g4 23. bxc6 bxc6 24. Bc3 Qe7 25. Qd2 h5 26. Ba6 Rb8 27. Bb4 Qh4 28. Rxc6 f4 29. Qc2 1-0


[Site "https://www.chess.com"]

[Event "Titled Tuesday Blitz June 27 Early 2023"]
[White "Movahed, Sina"]
[Black "Klekowski, Maciej"]
[WhiteFideId "42520835"]
[BlackFideId "1132717"]
[WhiteElo "2934"]
[BlackElo "2704"]
[Result "1-0"]
[Round "5"]
[TimeControl "180+2"]
[Date "2023.06.27"]
[WhiteClock "0:00:10"]
[BlackClock "0:00:00"]
[Board "26"]

1. Nf3 Nf6 2. g3 d5 3. Bg2 c6 4. O-O Bg4 5. c4 e6 6. h3 Bh5 7. d4 Nbd7 8. cxd5 exd5 9. Qb3 Qb6 10. Qe3+ Be7 11. Nh4 Bg6 12. Nc3 Kf8 13. Nxg6+ hxg6 14. Qd3 Re8 15. Rb1 Kg8 16. b4 a6 17. Bd2 Bd6 18. a4 Ne4 19. Nxe4 dxe4 20. Bxe4 Rxh3 21. Bg2 Rh5 22. e4 Rd8 23. Be3 Be7 24. Rfd1 Qc7 25. b5 axb5 26. axb5 c5 27. d5 Bd6 28. b6 Qc8 29. Rbc1 g5 30. Qe2 g6 31. Bf3 Rh7 32. Bxg5 Re8 33. Re1 Nxb6 34. Bg2 Nd7 35. Bd2 Nf6 36. Bc3 Be5 37. Bxe5 Rxe5 38. Qb2 Nd7 39. Ra1 Reh5 40. e5 Qd8 41. e6 fxe6 42. dxe6 Nf6 43. Rad1 Qf8 44. Qe2 Re7 45. Qf3 Qg7 46. Rd8+ Kh7 47. Rb8 Rf5 48. Qd1 1-0


[Site "https://www.chess.com"]

[Event "Titled Tuesday Blitz June 27 Early 2023"]
[White "Mirzoev, Azer"]
[Black "Antipov, Mikhail Al."]
[WhiteFideId "13400304"]
[BlackFideId "4107012"]
[WhiteElo "2699"]
[BlackElo "2911"]
[Result "0-1"]
[Round "5"]
[TimeControl "180+2"]
[Date "2023.06.27"]
[WhiteClock "0:00:00"]
[BlackClock "0:00:06"]
[Board "27"]

1. Nf3 d5 2. c4 d4 3. b4 g5 4. Nxg5 e5 5. Ne4 f5 6. Ng3 h5 7. e3 h4 8. Ne2 d3 9. Nec3 Nf6 10. Bb2 e4 11. Qb3 Nc6 12. Nd5 Bg7 13. Nbc3 a5 14. b5 a4 15. Qa3 Na5 16. Qxa4 b6 17. Nxf6+ Bxf6 18. Rb1 Be6 19. Nd5 Bxb2 20. Rxb2 Bxd5 21. cxd5 Qxd5 22. Rb4 O-O 23. Rd4 Qe6 24. Qd1 c5 25. Ra4 Nc4 26. Rxa8 Rxa8 27. f3 Rxa2 28. fxe4 fxe4 29. Qh5 Qf6 30. Qg4+ Kf8 31. Qc8+ Kg7 32. Qg4+ Kh6 33. Qf4+ Qxf4 34. exf4 Rxd2 35. g3 Rb2 36. Bh3 e3 37. Kf1 e2+ 38. Kf2 d2 39. Kxe2 d1=Q+ 40. Kxd1 Rb1+ 41. Kc2 Rxh1 42. Kd3 Rxh2 0-1


[Site "https://www.chess.com"]

[Event "Titled Tuesday Blitz June 27 Early 2023"]
[White "Diaz Perez, Michel Alejandro"]
[Black "Baskakov, Egor"]
[WhiteFideId "3517179"]
[BlackFideId "24197866"]
[WhiteElo "2694"]
[BlackElo "2905"]
[Result "0-1"]
[Round "5"]
[TimeControl "180+2"]
[Date "2023.06.27"]
[WhiteClock "0:00:00"]
[BlackClock "0:00:04"]
[Board "28"]

1. e4 c5 2. Nf3 Nf6 3. e5 Nd5 4. Nc3 e6 5. Bc4 Nb6 6. Be2 Nc6 7. O-O d5 8. exd6 Bxd6 9. d3 O-O 10. Bg5 Be7 11. Qd2 h6 12. Bxe7 Qxe7 13. Qe3 Rd8 14. Ne4 Nd4 15. Rac1 Nd5 16. Qd2 e5 17. Rfe1 Nf4 18. Nxd4 cxd4 19. Bf3 f5 20. Ng3 Qg5 21. Rcd1 Qf6 22. Qa5 Re8 23. Qb5 Re7 24. Ne2 Ng6 25. Bh5 Nf8 26. Qb4 a5 27. Qa3 Rc7 28. c3 Be6 29. cxd4 exd4 30. Qd6 Rd7 31. Qb6 Ra6 32. Qc5 Bxa2 33. Nf4 Bb3 34. Rc1 Bf7 35. Bxf7+ Qxf7 36. Qb5 g5 37. Ne2 Re6 38. Ng3 Rxe1+ 39. Rxe1 Qd5 40. Qb6 Rd6 41. Qc7 Re6 42. Rf1 Qe5 43. Qxb7 Ng6 44. Nh5 Re7 0-1


[Site "https://www.chess.com"]

[Event "Titled Tuesday Blitz June 27 Early 2023"]
[White "Jaracz, Pawel"]
[Black "Steinberg, Nitzan"]
[WhiteFideId "1102222"]
[BlackFideId "2801795"]
[WhiteElo "2691"]
[BlackElo "2892"]
[Result "1/2-1/2"]
[Round "5"]
[TimeControl "180+2"]
[Date "2023.06.27"]
[WhiteClock "0:01:17"]
[BlackClock "0:01:12"]
[Board "29"]

1. e4 c5 2. Nf3 e6 3. d4 cxd4 4. Nxd4 Nc6 5. Nc3 Qc7 6. Be2 a6 7. O-O Nf6 8. Be3 Be7 9. f4 d6 10. Qe1 O-O 11. Qg3 Bd7 12. Nf3 d5 13. e5 Ne4 14. Nxe4 dxe4 15. Ng5 Nb4 16. Nxe4 Bc6 17. Bd3 Nxd3 18. cxd3 Rfd8 19. Rad1 Bxe4 20. dxe4 Qc2 21. Qf3 Qxd1 22. Rxd1 1/2-1/2


[Site "https://www.chess.com"]

[Event "Titled Tuesday Blitz June 27 Early 2023"]
[White "Goryachkina, Aleksandra"]
[Black "Bacrot, Etienne"]
[WhiteFideId "4147103"]
[BlackFideId "605506"]
[WhiteElo "2690"]
[BlackElo "2873"]
[Result "0-1"]
[Round "5"]
[TimeControl "180+2"]
[Date "2023.06.27"]
[WhiteClock "0:00:00"]
[BlackClock "0:00:19"]
[Board "30"]

1. e4 c5 2. Nf3 d6 3. Bb5+ Nd7 4. O-O Nf6 5. Re1 e5 6. c3 a6 7. Bxd7+ Nxd7 8. d4 Be7 9. Nbd2 b5 10. Nf1 O-O 11. Ng3 g6 12. Bh6 Re8 13. Qd2 Qc7 14. Rad1 Nb6 15. b3 Bg4 16. d5 a5 17. h3 Bd7 18. Nh2 c4 19. bxc4 Nxc4 20. Qe2 Rec8 21. Ng4 Nb6 22. Rc1 Na4 23. Qf3 Qd8 24. Ne2 b4 25. cxb4 axb4 26. Ne3 Rxc1 27. Rxc1 Rc8 28. Rxc8 Qxc8 29. Ng4 Bxg4 30. Qxg4 Qxg4 31. hxg4 g5 32. Kf1 f6 0-1


[Site "https://www.chess.com"]

[Event "Titled Tuesday Blitz June 27 Early 2023"]
[White "Galchenko, Matvey"]
[Black "Veiga, Jose Francisco R P Neves"]
[WhiteFideId "24175480"]
[BlackFideId "1930087"]
[WhiteElo "2868"]
[BlackElo "2688"]
[Result "1-0"]
[Round "5"]
[TimeControl "180+2"]
[Date "2023.06.27"]
[WhiteClock "0:00:06"]
[BlackClock "0:00:04"]
[Board "31"]

1. f4 d6 2. Nf3 Nc6 3. g3 e5 4. d3 f5 5. Nc3 Nf6 6. Bg2 Be7 7. O-O O-O 8. fxe5 dxe5 9. e4 fxe4 10. Nxe4 Nxe4 11. dxe4 Bc5+ 12. Kh1 Qxd1 13. Rxd1 Bg4 14. Rf1 Bxf3 15. Rxf3 Rxf3 16. Bxf3 Nd4 17. Bd1 Rf8 18. Kg2 Nxc2 19. Rb1 Rf2+ 20. Kh3 Nd4 21. Be3 Rf6 22. b4 Bb6 23. a4 Ne6 24. Bd2 Bg1 25. Bb3 Bd4 26. Rc1 c6 27. b5 Kf8 28. bxc6 bxc6 29. Kg4 Rg6+ 30. Kf3 Ke8 31. a5 Kd7 32. Bc4 Rf6+ 33. Kg4 Nc5 34. Bg5 Rg6 35. h4 Nxe4 36. Bf7 Rxg5+ 37. hxg5 Nxg5 38. Bc4 Ne4 39. Re1 Nd6 40. Bd3 g6 41. Rh1 Ke6 42. Rxh7 Kf6 43. Rd7 Ke6 44. Rc7 e4 45. Bc2 Kd5 46. Kg5 e3 47. Bd3 c5 48. Kxg6 c4 49. Be2 Ne4 50. Bxc4+ Ke5 51. Re7+ Kd6 52. Rxe4 Kc5 53. Be2 1-0


[Site "https://www.chess.com"]

[Event "Titled Tuesday Blitz June 27 Early 2023"]
[White "Pichot, Alan"]
[Black "Kourkoulos-Arditis, Stamatis"]
[WhiteFideId "110973"]
[BlackFideId "4221990"]
[WhiteElo "2864"]
[BlackElo "2679"]
[Result "1-0"]
[Round "5"]
[TimeControl "180+2"]
[Date "2023.06.27"]
[WhiteClock "0:00:25"]
[BlackClock "0:00:00"]
[Board "32"]

1. e4 Nf6 2. e5 Nd5 3. d4 d6 4. Nf3 g6 5. Bc4 Nb6 6. Bb3 Bg7 7. Ng5 e6 8. Qf3 Qe7 9. Ne4 h6 10. exd6 cxd6 11. Bf4 d5 12. Nd6+ Kf8 13. c3 Nc6 14. O-O g5 15. Bg3 f5 16. Re1 f4 17. Nxc8 Rxc8 18. h3 Bxd4 19. cxd4 Nxd4 20. Qd3 Nxb3 21. axb3 fxg3 22. Qxg3 a6 23. Nc3 Kf7 24. Re3 d4 25. Rf3+ Kg6 26. Ne2 e5 27. Qg4 Rhf8 28. Qe4+ Kg7 29. Nxd4 Rxf3 30. Nxf3 Rc5 31. Re1 Nd5 32. Nd4 exd4 33. Qxd4+ 1-0


[Site "https://www.chess.com"]

[Event "Titled Tuesday Blitz June 27 Early 2023"]
[White "Danielyan, Vahe"]
[Black "Mekhitarian, Krikor Sevag"]
[WhiteFideId "13304828"]
[BlackFideId "2107660"]
[WhiteElo "2678"]
[BlackElo "2854"]
[Result "0-1"]
[Round "5"]
[TimeControl "180+2"]
[Date "2023.06.27"]
[WhiteClock "0:00:18"]
[BlackClock "0:01:17"]
[Board "33"]

1. e4 e6 2. d4 d5 3. Nc3 Nf6 4. Bg5 dxe4 5. Nxe4 Be7 6. Bxf6 gxf6 7. Nf3 f5 8. Nc3 a6 9. Qd2 b5 10. O-O-O Qd6 11. Kb1 Nd7 12. g3 Bb7 13. Bg2 Nb6 14. b3 Bf6 15. Rhe1 O-O-O 16. Bh1 Bxf3 17. Bxf3 Qxd4 18. Qxd4 Bxd4 19. Rd3 Bxf2 20. Red1 Rxd3 21. Rxd3 Bc5 22. Bc6 Bd6 23. a4 bxa4 24. bxa4 Nc4 25. Rd4 Na5 26. Bg2 Be5 27. Rd3 Rd8 28. Re3 Nc4 29. Rd3 Rxd3 30. cxd3 Ne3 31. d4 Bxd4 32. Ne2 Be5 33. Bc6 Nf1 34. h4 Nxg3 35. Nxg3 Bxg3 36. h5 Kd8 37. Kc2 a5 38. Kd3 Ke7 39. Ke3 h6 40. Kf3 Bd6 41. Ke3 e5 42. Bb7 Bc5+ 43. Kf3 Kf6 44. Bd5 e4+ 45. Kf4 Bd6+ 46. Ke3 Ke5 47. Bxf7 f4+ 48. Ke2 f3+ 49. Kf2 Kf4 50. Bc4 Bc5+ 51. Kf1 e3 52. Ke1 Bb4+ 0-1


[Site "https://www.chess.com"]

[Event "Titled Tuesday Blitz June 27 Early 2023"]
[White "Grigoriants, Sergey"]
[Black "Korchmar, Vasiliy"]
[WhiteFideId "4130804"]
[BlackFideId "24131750"]
[WhiteElo "2843"]
[BlackElo "2678"]
[Result "1/2-1/2"]
[Round "5"]
[TimeControl "180+2"]
[Date "2023.06.27"]
[WhiteClock "0:00:06"]
[BlackClock "0:00:02"]
[Board "34"]

1. d4 d5 2. c4 c6 3. Nf3 Nf6 4. Nc3 e6 5. e3 Nbd7 6. Qc2 Bd6 7. Bd3 dxc4 8. Bxc4 O-O 9. O-O e5 10. a3 exd4 11. exd4 Nb6 12. Bb3 Nbd5 13. Bg5 Be6 14. Nxd5 cxd5 15. Rfe1 h6 16. Bh4 Rc8 17. Qd3 g5 18. Bg3 Bxg3 19. hxg3 Ne4 20. Rac1 Qf6 21. Qe3 g4 22. Ne5 Qg5 23. Nd3 Qxe3 24. Rxe3 Rxc1+ 25. Nxc1 Rc8 26. Nd3 Nd2 27. Bd1 Bf5 28. Re2 Bxd3 29. Rxd2 Bf5 30. f3 Rc1 31. Kf2 h5 32. Bb3 Be6 33. Rd1 Rc6 34. Ke3 Kg7 35. Rd3 Rc1 36. Rd1 Rc6 37. Rd3 Kf6 38. Rc3 Rb6 39. Kf4 a5 40. Re3 a4 41. Bxa4 Rxb2 42. Bd1 Rd2 43. Re1 Rxd4+ 44. Ke3 Rc4 45. Kd2 Rd4+ 46. Kc3 Rc4+ 47. Kd2 d4 48. Rh1 Rc3 49. Rxh5 Rxa3 50. Rb5 Ra2+ 51. Kd3 Rxg2 52. fxg4 Rxg3+ 53. Kxd4 Bxg4 54. Bxg4 Rxg4+ 55. Ke3 Rg3+ 56. Kf4 Rc3 57. Rb6+ Kg7 58. Rxb7 Rc4+ 59. Kf3 Kg6 60. Rb5 f5 61. Rb8 1/2-1/2


[Site "https://www.chess.com"]

[Event "Titled Tuesday Blitz June 27 Early 2023"]
[White "Leon Oquendo, Jorge"]
[Black "Maximov, Dmitry"]
[WhiteFideId "3514803"]
[BlackFideId "14105659"]
[WhiteElo "2675"]
[BlackElo "2842"]
[Result "0-1"]
[Round "5"]
[TimeControl "180+2"]
[Date "2023.06.27"]
[WhiteClock "0:00:07"]
[BlackClock "0:02:13"]
[Board "35"]

1. e4 c5 2. Nf3 d6 3. Bb5+ Nd7 4. O-O a6 5. Be2 Ngf6 6. d3 e6 7. h3 d5 8. Nc3 Bd6 9. exd5 exd5 10. Bg5 h6 11. Bh4 Qc7 12. Bxf6 Nxf6 13. Nd2 Be6 14. Bf3 O-O-O 15. a4 g5 16. d4 h5 17. Be2 g4 18. h4 cxd4 19. Na2 Ne4 20. Nb3 Bh2+ 21. Kh1 g3 22. Nxd4 gxf2 23. g4 hxg4 24. Qd3 Rxh4 25. Kg2 Bg1 0-1


[Site "https://www.chess.com"]

[Event "Titled Tuesday Blitz June 27 Early 2023"]
[White "Kvaloy, Aksel Bu"]
[Black "Fridman, Daniel"]
[WhiteFideId "1528815"]
[BlackFideId "11600454"]
[WhiteElo "2672"]
[BlackElo "2822"]
[Result "0-1"]
[Round "5"]
[TimeControl "180+2"]
[Date "2023.06.27"]
[WhiteClock "0:01:05"]
[BlackClock "0:01:52"]
[Board "36"]

1. e4 c6 2. d4 d5 3. exd5 cxd5 4. Bd3 Nc6 5. c3 Qc7 6. h3 g6 7. Nf3 Bf5 8. O-O Nf6 9. Ne1 Bg7 10. Bxf5 gxf5 11. Nd3 e6 12. Bf4 Qe7 13. Nd2 O-O 14. Re1 Kh8 15. Nf1 Rg8 16. Ng3 Ne4 17. Nh5 Qh4 18. Kh2 Nxf2 19. Nxf2 Qxf2 20. b4 Be5 21. Bxe5+ Nxe5 22. Rg1 Ng4+ 23. Kh1 Qh4 0-1


[Site "https://www.chess.com"]

[Event "Titled Tuesday Blitz June 27 Early 2023"]
[White "Beerdsen, Thomas"]
[Black "Sahib Singh"]
[WhiteFideId "1030108"]
[BlackFideId "25618342"]
[WhiteElo "2822"]
[BlackElo "2664"]
[Result "1-0"]
[Round "5"]
[TimeControl "180+2"]
[Date "2023.06.27"]
[WhiteClock "0:01:53"]
[BlackClock "0:00:00"]
[Board "37"]

1. e4 e6 2. c4 d5 3. cxd5 exd5 4. Qb3 dxe4 5. Nc3 Nc6 6. Bc4 Ne5 7. Qb5+ Nc6 8. d3 a6 9. Qb3 Ne5 10. dxe4 Nxc4 11. Qxc4 Be6 12. Qe2 b5 13. Nf3 Bc5 14. Bg5 f6 15. Rd1 Qe7 16. Bf4 c6 17. Qc2 g5 18. Bg3 h5 19. h4 g4 20. Nd4 Bxd4 21. Rxd4 Bc4 22. b3 Be6 23. O-O Nh6 24. Bd6 Qb7 25. Ne2 O-O-O 26. Nf4 Bf7 27. Rc1 Be8 28. Ne6 Nf7 29. Nxd8 Nxd8 30. Bg3 Ne6 31. Rd6 Bd7 32. e5 f5 33. Qxf5 Nd4 34. Qe4 Ne6 35. Rxe6 Bxe6 36. Rxc6+ Kb8 37. f3 gxf3 38. Bf2 Ka8 39. Rxa6+ Kb8 40. Rb6 1-0


[Site "https://www.chess.com"]

[Event "Titled Tuesday Blitz June 27 Early 2023"]
[White "Kjartansson, David"]
[Black "Harsh Suresh"]
[WhiteFideId "2301130"]
[BlackFideId "45018464"]
[WhiteElo "2664"]
[BlackElo "2820"]
[Result "1-0"]
[Round "5"]
[TimeControl "180+2"]
[Date "2023.06.27"]
[WhiteClock "0:00:46"]
[BlackClock "0:00:15"]
[Board "38"]

1. d4 Nf6 2. Nc3 d5 3. Bf4 c5 4. e3 cxd4 5. exd4 a6 6. Bd3 Nc6 7. Nce2 Nb4 8. Nf3 Nxd3+ 9. Qxd3 g6 10. O-O Bg7 11. Ng3 O-O 12. c3 Qb6 13. b3 Bd7 14. Rfe1 e6 15. Qd2 Rac8 16. Rac1 a5 17. h4 h5 18. Ne5 Qd8 19. Bg5 Qc7 20. a4 b5 21. axb5 Bxb5 22. Bh6 Nh7 23. Bxg7 Kxg7 24. c4 dxc4 25. bxc4 Be8 26. Ne4 Rd8 27. Qe3 Qe7 28. g3 Nf6 29. Ng5 a4 30. Red1 Rb8 31. Ra1 Bd7 32. Nxd7 Qxd7 33. Qe5 Ra8 34. Ra3 Rfc8 35. Ne4 Qe7 36. Rf3 a3 37. Nxf6 Qc7 38. Nxh5+ Kh6 39. Qg7+ Kxh5 40. Rxf7 Qxc4 41. Qh7+ Kg4 42. Kg2 Qc2 43. Rf4# 1-0


[Site "https://www.chess.com"]

[Event "Titled Tuesday Blitz June 27 Early 2023"]
[White "Talibov, Shiroghlan"]
[Black "Papasimakopoulos, Alexandros"]
[WhiteFideId "13429078"]
[BlackFideId "4244125"]
[WhiteElo "2818"]
[BlackElo "2663"]
[Result "1-0"]
[Round "5"]
[TimeControl "180+2"]
[Date "2023.06.27"]
[WhiteClock "0:00:42"]
[BlackClock "0:00:17"]
[Board "39"]

1. d4 e6 2. Bf4 c5 3. c3 d5 4. e3 Nc6 5. Nf3 Nf6 6. Nbd2 cxd4 7. cxd4 Bd6 8. Bg3 O-O 9. Bd3 Bxg3 10. hxg3 h6 11. O-O Bd7 12. Rc1 Qb6 13. Nb3 Rfc8 14. Qd2 Be8 15. Nc5 Nd7 16. Nb3 a5 17. Bb1 a4 18. Nc5 Nxc5 19. Rxc5 Nb4 20. Rfc1 Rxc5 21. Rxc5 Na6 22. Rc3 Nb4 23. a3 Nc6 24. Qc2 g6 25. g4 Ra5 26. Ne1 Kg7 27. Nd3 Ra8 28. g3 Na5 29. Ne5 Nc6 30. Nd3 Na5 31. Rc8 Rxc8 32. Qxc8 Qc6 33. Qb8 Bd7 34. Kg2 Qc8 35. Qe5+ Kg8 36. g5 hxg5 37. Qxg5 Nc4 38. Nf4 Be8 39. Nh5 Nd6 40. Nf6+ Kf8 41. Qh4 Qc1 42. Bd3 Qxb2 43. Qh8+ Ke7 44. Ng8+ Kd8 45. Qf6+ Kc7 46. Qe7+ Bd7 47. Nf6 Qxa3 48. Qxd7+ Kb6 49. Qd8+ Kc6 50. Qa5 b6 51. Qa8+ Kc7 52. Qa7+ Kc6 53. Qd7# 1-0


[Site "https://www.chess.com"]

[Event "Titled Tuesday Blitz June 27 Early 2023"]
[White "Manukyan, Sargis A."]
[Black "Moiseenko, Alexander"]
[WhiteFideId "13303970"]
[BlackFideId "14102560"]
[WhiteElo "2661"]
[BlackElo "2818"]
[Result "1-0"]
[Round "5"]
[TimeControl "180+2"]
[Date "2023.06.27"]
[WhiteClock "0:00:17"]
[BlackClock "0:00:00"]
[Board "40"]

1. d4 Nf6 2. c4 e6 3. Nc3 Bb4 4. a3 Bxc3+ 5. bxc3 Nc6 6. e3 b6 7. Bd3 Ba6 8. e4 Na5 9. e5 Ng8 10. Qg4 Kf8 11. Bg5 f6 12. exf6 Nxf6 13. Qe2 h6 14. Bh4 d5 15. cxd5 Bxd3 16. Qxd3 Qxd5 17. Nf3 Qe4+ 18. Qe3 Nc4 19. Qe2 Qxe2+ 20. Kxe2 Nd5 21. Kd3 b5 22. Bg3 Ke7 23. Rhb1 c6 24. a4 a6 25. Ne5 Nxe5+ 26. Bxe5 Nb6 27. Bxg7 Rhg8 28. Be5 Nxa4 29. c4 Rxg2 30. Bg3 Rf8 31. cxb5 axb5 32. Rc1 Kd7 33. Ke2 h5 34. Kf1 Rxg3 35. hxg3 h4 36. Ke2 hxg3 37. fxg3 Kd6 38. Ke3 Kd5 39. Ra2 Rg8 40. Kf3 Nb6 41. Re2 Nc4 42. g4 Kxd4 43. Rxe6 Ne5+ 44. Ke2 Rxg4 45. Rd1+ Ke4 46. Kf2 Rf4+ 47. Kg3 Rf3+ 48. Kg2 Re3 49. Rd8 b4 50. Kf2 Rf3+ 51. Ke2 Re3+ 52. Kd2 Rd3+ 53. Rxd3 Kf5 54. Rxe5+ Kxe5 55. Kc2 c5 56. Rd8 c4 57. Rb8 b3+ 58. Kc3 Kd5 59. Rd8+ Kc5 60. Rc8+ Kd5 61. Rxc4 b2 62. Rd4+ Kc5 63. Rb4 1-0


[Site "https://www.chess.com"]

[Event "Titled Tuesday Blitz June 27 Early 2023"]
[White "Elsa167"]
[Black "Soham Kamotra"]
[BlackFideId "46647490"]
[WhiteElo "2815"]
[BlackElo "2658"]
[Result "1-0"]
[Round "5"]
[TimeControl "180+2"]
[Date "2023.06.27"]
[WhiteClock "0:00:07"]
[BlackClock "0:00:00"]
[Board "41"]

1. d4 Nf6 2. c4 e6 3. Nf3 b6 4. Bf4 Bb7 5. e3 Be7 6. Nc3 O-O 7. Be2 d5 8. cxd5 Nxd5 9. Nxd5 Bxd5 10. O-O c5 11. dxc5 Bxc5 12. Qc2 Nc6 13. a3 f5 14. Rfd1 Qe8 15. b4 Be7 16. Rxd5 exd5 17. Bb5 Rc8 18. Qa4 Qg6 19. Rd1 Qe6 20. h3 Bf6 21. Kh2 Rfd8 22. Rc1 Ne7 23. Rxc8 Nxc8 24. Bd3 g6 25. Qc2 Qe7 26. Qc6 Qd7 27. Qxf6 Rf8 28. Qd4 Ne7 29. Ne5 Qe6 30. b5 Re8 31. a4 Nc8 32. Nc6 Nd6 33. Bh6 Qf7 34. Bc2 Nc4 35. Bf4 Qe6 36. Bb3 Kf7 37. Nb4 Rd8 38. Nxd5 Rxd5 39. Qxc4 1-0


[Site "https://www.chess.com"]

[Event "Titled Tuesday Blitz June 27 Early 2023"]
[White "Ohanyan, Emin"]
[Black "Sadykov, Ramil"]
[WhiteFideId "13312022"]
[BlackFideId "24113590"]
[WhiteElo "2813"]
[BlackElo "2652"]
[Result "1-0"]
[Round "5"]
[TimeControl "180+2"]
[Date "2023.06.27"]
[WhiteClock "0:00:31"]
[BlackClock "0:00:00"]
[Board "42"]

1. d4 d5 2. c4 e6 3. Nf3 Nf6 4. Nc3 Be7 5. Bf4 O-O 6. e3 a6 7. Rc1 dxc4 8. Bxc4 c5 9. d5 b5 10. d6 bxc4 11. dxe7 Qxe7 12. Bd6 Qb7 13. Bxf8 Kxf8 14. Qd6+ Qe7 15. Qxe7+ Kxe7 16. Na4 Nbd7 17. Rxc4 Bb7 18. Nxc5 Bd5 19. Rc3 Nxc5 20. Rxc5 Bxa2 21. Nd2 Rb8 22. Rc2 Nd5 23. Ke2 Nb4 24. Rc7+ Kf6 25. b3 Nd5 26. Rc5 Bxb3 27. Rb1 Rb5 28. Rxb5 Nc3+ 29. Kd3 1-0


[Site "https://www.chess.com"]

[Event "Titled Tuesday Blitz June 27 Early 2023"]
[White "Zochowski, Kacper"]
[Black "Sethuraman, S.P."]
[WhiteFideId "1125494"]
[BlackFideId "5021596"]
[WhiteElo "2652"]
[BlackElo "2813"]
[Result "1/2-1/2"]
[Round "5"]
[TimeControl "180+2"]
[Date "2023.06.27"]
[WhiteClock "0:00:16"]
[BlackClock "0:00:11"]
[Board "43"]

1. Nf3 d5 2. c4 e6 3. g3 Nf6 4. Bg2 d4 5. O-O Nc6 6. b3 e5 7. Bb2 e4 8. Ng5 Bf5 9. d3 exd3 10. exd3 Be7 11. Qe2 O-O 12. Nd2 Re8 13. Nge4 Bb4 14. Qd1 a5 15. Nxf6+ Qxf6 16. Ne4 Bxe4 17. Bxe4 Bc3 18. Qc1 Ne5 19. Kg2 Bxb2 20. Qxb2 Rad8 21. Rae1 g6 22. h3 c6 23. Qd2 b6 24. c5 bxc5 25. Qxa5 Qd6 26. Qd2 f5 27. f4 fxe4 28. fxe5 Rxe5 29. Rxe4 Rxe4 30. dxe4 d3 31. Rf3 Qd4 32. Re3 c4 33. bxc4 Qxc4 34. h4 Qc2 35. Qxc2 dxc2 36. Rc3 Rd2+ 37. Kh3 Kf7 38. Rxc6 Ke7 39. a4 Kd7 40. Rc4 Ke6 41. a5 Ke5 42. a6 Rd6 43. Rxc2 Rxa6 44. Rc7 h5 45. Re7+ Kf6 46. Re8 Ra5 47. Kg2 Ra2+ 48. Kf3 Ra1 49. e5+ Kf5 50. e6 Kf6 51. e7 Re1 52. Kf4 Rf1+ 53. Ke3 Re1+ 54. Kf4 Rf1+ 55. Ke3 Re1+ 56. Kf4 1/2-1/2


[Site "https://www.chess.com"]

[Event "Titled Tuesday Blitz June 27 Early 2023"]
[White "Srihari L R"]
[Black "Megalios, Konstantinos"]
[WhiteFideId "46617116"]
[BlackFideId "4238044"]
[WhiteElo "2808"]
[BlackElo "2642"]
[Result "1-0"]
[Round "5"]
[TimeControl "180+2"]
[Date "2023.06.27"]
[WhiteClock "0:00:56"]
[BlackClock "0:00:04"]
[Board "44"]

1. c4 Nf6 2. Nc3 g6 3. g3 Bg7 4. Bg2 O-O 5. Nf3 d6 6. d4 Nbd7 7. O-O e5 8. e4 exd4 9. Nxd4 Re8 10. h3 Nc5 11. Re1 h6 12. b3 a5 13. Bb2 a4 14. Rb1 axb3 15. axb3 Bd7 16. Kh2 c6 17. b4 Ne6 18. Nce2 Ng5 19. f3 d5 20. cxd5 cxd5 21. h4 Nxf3+ 22. Nxf3 Ng4+ 23. Kg1 dxe4 24. Nh2 Ne3 25. Qc1 Nxg2 26. Kxg2 Rc8 27. Qe3 Bc6 28. Bxg7 Kxg7 29. Nd4 Bd5 30. Rbc1 Qd6 31. Ng4 h5 32. Qh6+ Kg8 33. Nf5 e3+ 34. Kh2 gxf5 35. Qxd6 Rxc1 36. Nf6+ Kh8 37. Rxc1 1-0


[Site "https://www.chess.com"]

[Event "Titled Tuesday Blitz June 27 Early 2023"]
[White "Gunina, Valentina"]
[Black "Al-Tarboush, Ward"]
[WhiteFideId "4167570"]
[BlackFideId "7601450"]
[WhiteElo "2797"]
[BlackElo "2633"]
[Result "0-1"]
[Round "5"]
[TimeControl "180+2"]
[Date "2023.06.27"]
[WhiteClock "0:00:31"]
[BlackClock "0:01:52"]
[Board "45"]

1. e4 e5 2. Nf3 Nf6 3. Nxe5 d6 4. Nf3 Nxe4 5. Nc3 Nxc3 6. dxc3 Nc6 7. Be3 g6 8. g3 Bg7 9. Bg2 O-O 10. O-O Bf5 11. Nd4 Nxd4 12. Bxd4 c6 13. Qd2 Bxd4 14. cxd4 d5 15. Rae1 Qf6 16. Re5 Rae8 17. Rfe1 Bd7 18. Qa5 Ra8 19. Qc7 Qd8 20. Qxb7 Rb8 21. Qxa7 Rxb2 22. c3 Be6 23. Qc5 Qb6 24. Qxb6 Rxb6 25. R5e2 Ra8 26. Ra1 Ra3 27. Rc2 Bf5 28. Rcc1 Rb2 29. c4 Be4 30. cxd5 cxd5 31. Re1 f5 32. Re3 Rxe3 33. fxe3 Rxg2+ 0-1


[Site "https://www.chess.com"]